Map: Eastwatch LE

Players

CinDra

  • Race: Zerg Zerg
  • League: Gold
  • Spawn Location: 1:00

Bop - Winner!

  • Race: Terran Terran
  • League: Gold
  • Spawn Location: 7:00

VOD

Have the link to the VOD?

Description

Time

  • Played on: March 8, 2018, 9:29 p.m.
  • Length: 13:12
Show
View Real Time Build Order
Export as new Build Order

CinDra Zerg 

Build Orders: Hatch First 

Get SALT Encoding   

  12  0:01  Drone  
  13  0:12  Overlord  
  13  0:16  Drone  
  14  0:30  Drone  
  14  0:31  Drone  
  16  0:36  Drone  
  17  0:57  Drone, Hatchery  
  17  1:02  Drone  
  18  1:05  Extractor  
  17  1:17  Spawning Pool  
  16  1:20  Drone  
  16  1:24  Drone  
  18  1:28  Drone  
  19  1:38  Overlord  
  19  1:56  Drone  
  20  2:04  Queen  
  20  2:05  Zergling x2  
  20  2:08  Metabolic Boost  
  23  2:10  Zergling x2  
  23  2:13  Queen  
  26  2:22  Overlord  
  26  2:23  Drone  
  26  2:26  Drone  
  28  2:32  Drone x2  
  30  2:47  Queen  
  30  2:49  Overlord  
  32  2:55  Queen  
  32  2:57  Drone  
  35  3:19  Zergling x2  
  36  3:20  Zergling x14  
  43  3:27  Baneling Nest  
  43  3:32  Overlord  
  42  3:48  Drone x2, Hatchery  
  42  3:49  Drone  
  42  3:51  Overlord  
  44  4:04  Queen  
  44  4:05  Queen  
  48  4:11  Spore Crawler  
  48  4:15  Spore Crawler  
  46  4:23  Drone  
  46  4:24  Drone x4  
  51  4:41  Zergling x2  
  51  4:42  Zergling x12  
  51  4:44  Baneling x3  
  58  4:46  Baneling  
  58  4:51  Extractor  
  57  4:53  Extractor  
  57  4:54  Extractor  
  55  5:04  Drone  
  55  5:05  Drone x7  
  63  5:13  Baneling x2  
  63  5:15  Baneling  
  63  5:40  Drone x3  
  63  5:41  Overlord x4  
  66  5:52  Lair  
  51  6:13  Drone x11  
  51  6:14  Drone x6  
  68  6:24  Spore Crawler  
  68  6:25  Drone, Zergling x2  
  69  6:26  Zergling x2  
  69  6:30  Zergling x4  
  69  6:31  Zergling x2  
  73  6:49  Zergling x2  
  73  6:50  Zergling x24  
  73  6:53  Centrifical Hooks  
  79  7:14  Baneling x2, Queen  
  81  7:27  Evolution Chamber  
  81  7:28  Hydralisk Den  
  79  7:31  Evolution Chamber  
  79  7:34  Overseer  
  78  7:42  Hatchery  
  69  7:57  Zergling x8  
  69  7:58  Zergling x34  
  88  8:05  Drone  
  89  8:10  Zerg Ground Armor Level 1, Zerg Missile Weapons Level 1  
  89  8:11  Hydralisk x2  
  93  8:15  Grooved Spines  
  93  8:17  Hydralisk  
  93  8:18  Hydralisk  
  97  8:28  Overlord x3  
  97  8:48  Drone x10  
  107  9:03  Hydralisk x4  
  107  9:04  Hydralisk  
  107  9:06  Drone  
  118  9:16  Drone x2  
  118  9:17  Drone x2  
  122  9:23  Hydralisk x2  
  122  9:24  Hydralisk  
  126  9:26  Muscular Augments  
  122  9:57  Drone  
  122  9:58  Drone  
  122  9:59  Drone x4  
  128  10:00  Overlord x3  
  128  10:01  Overlord x2  
  128  10:21  Pneumatized Carapace  
  110  10:31  Hydralisk  
  110  10:32  Hydralisk x17  
  145  10:48  Hydralisk x7  
  159  10:50  Overlord  
  159  10:51  Overlord  
  159  10:53  Zerg Missile Weapons Level 2  
  159  11:05  Overseer x2  
  81  11:27  Zergling x16  
  81  11:28  Zergling x26  
  94  11:34  Zergling x2  
  76  11:41  Zergling x14  
  79  11:50  Hydralisk  
  79  11:51  Hydralisk x2  
  79  11:52  Zergling x2  
  79  11:53  Zergling x2, Hatchery  
  85  12:00  Hydralisk  
  85  12:01  Hydralisk  
  85  12:19  Hydralisk x2  
  85  12:20  Hydralisk x5  
  79  12:33  Hydralisk x3  
  85  12:43  Hydralisk x2  
Show
View Real Time Build Order
Export as new Build Order

Bop Terran - Winner!

Build Orders:  

Get SALT Encoding   

  12  0:01  SCV  
  13  0:13  SCV  
  14  0:17  Supply Depot  
  14  0:26  SCV  
  15  0:39  SCV  
  15  0:41  Barracks  
  16  0:47  Refinery  
  16  0:51  SCV  
  17  1:03  SCV  
  18  1:15  SCV  
  19  1:25  Barracks  
  19  1:32  Barracks Reactor  
  19  1:43  Command Center  
  19  1:50  SCV  
  20  2:02  Orbital Command  
  20  2:07  Supply Depot  
  20  2:09  Marine  
  20  2:12  Marine  
  22  2:15  Barracks Tech Lab  
  22  2:32  SCV  
  22  2:36  Marine, Stimpack  
  22  2:37  Marine  
  24  2:38  Marine  
  26  2:46  Refinery  
  26  2:47  SCV  
  27  3:04  SCV  
  28  3:06  Marine x3  
  28  3:08  SCV  
  32  3:20  SCV x2  
  32  3:24  Marine x3  
  37  3:27  Factory  
  37  3:33  SCV x2  
  39  3:41  Marine  
  39  3:42  Marine x2  
  39  3:45  SCV  
  39  3:46  SCV  
  44  4:00  SCV x2  
  44  4:01  Supply Depot  
  46  4:04  Supply Depot  
  46  4:07  Refinery  
  46  4:13  Factory Reactor  
  46  4:16  Starport  
  46  4:22  Marine x3  
  50  4:24  SCV x2  
  51  4:36  Orbital Command  
  51  4:37  SCV  
  52  4:43  Marine x3  
  55  4:49  SCV  
  55  4:51  Engineering Bay  
  55  4:52  Supply Depot  
  56  5:01  Factory Tech Lab  
  56  5:02  Marine x2  
  56  5:04  Medivac  
  61  5:11  Medivac  
  61  5:14  SCV x2  
  64  5:15  Supply Depot  
  64  5:25  Refinery  
  64  5:26  SCV x2, Terran Infantry Weapons Level 1  
  64  5:27  Siege Tank  
  69  5:29  Marine  
  70  5:36  Marine x2  
  70  5:41  Supply Depot  
  47  6:12  SCV x2  
  47  6:15  Marine x3  
  47  6:16  Siege Tank, Medivac x2  
  59  6:25  Supply Depot  
  59  6:27  Barracks  
  59  6:28  SCV, Barracks  
  59  6:31  SCV  
  60  7:12  Marine x3  
  60  7:13  Siege Tank, Medivac  
  60  7:14  Medivac  
  70  7:16  Barracks Reactor  
  70  7:17  Barracks Reactor  
  70  7:18  SCV x2  
  72  7:30  SCV x2  
  74  7:38  Armory  
  74  7:42  SCV  
  74  7:43  SCV  
  76  7:44  Supply Depot  
  76  7:57  Bunker  
  76  8:26  Marine x2  
  76  8:27  Marine  
  77  8:29  Siege Tank  
  77  8:30  Viking  
  77  8:31  Viking  
  77  8:32  SCV x2  
  88  8:44  SCV x2, Marine x3  
  88  8:48  Marine x4  
  94  8:54  Command Center  
  97  9:10  Marine x4  
  97  9:11  Marine  
  102  9:17  Supply Depot  
  102  9:19  Supply Depot  
  102  9:32  Marine x2  
  102  9:33  Viking x2  
  102  9:36  Siege Tank  
  101  9:38  Marine  
  101  9:39  Marine x4  
  106  9:47  Supply Depot  
  106  9:49  SCV x2  
  108  9:54  Liberator x2  
  108  10:01  SCV x2  
  110  10:07  Marine x3  
  110  10:08  Marine x3  
  110  10:09  Siege Tank, Marine, Supply Depot  
  125  10:38  Marine  
  125  10:39  Marine x6  
  125  10:42  Siege Tank  
  135  10:54  Viking x2  
  137  11:21  Marine  
  137  11:22  Marine x6  
  137  11:23  Siege Tank  
  119  11:39  Marine  
  120  11:41  Marine x4  
  120  11:42  Marine x2  
  120  11:46  Viking x2  
  130  11:55  Siege Tank  
  133  12:05  Marine  
  133  12:06  Marine x5  
  133  12:07  Marine  
  140  12:14  SCV x3  
  142  12:27  Siege Tank  
Tags
 
League
GoldGold
Matchup
TvZ
Spawn Locations
Cross Positions
Add a new tag
Caveats
  • Supply blocks, unpowered buildings, or Contaminate may cause inaccurate times.
  • Supply counts are checked every 10 seconds.